 Dungeon Crawl Stone Soup version 0.32-a0-329-ge6c31236d6 (webtiles) character file.

Game seed: 107592278654562767

577 Pooter the Chopper (level 7, -1/53 (61) HPs)
             Began as a Minotaur Monk on Feb 16, 2024.
             Slain by a wight
             ... wielding a +5 halberd
              (5 damage)
             ... on level 5 of the Dungeon.
             The game lasted 00:14:47 (3193 turns).

Pooter the Chopper (Minotaur Monk)                  Turns: 3193, Time: 00:14:47

HP:   -1/53 (61)    AC:  6    Str: 17    XL:     7   Next: 13%
MP:   0/6           EV: 11    Int:  7    God:
Gold: 143           SH:  0    Dex: 13    Spells: 6/6 levels left

rFire   . . .        a - +0 dire flail (heavy)
rCold   . . .        (shield currently unavailable)
rNeg    . . .        s - +0 ring mail
rPois   .            (helmet restricted)
rElec   .            w - +0 cloak
rCorr   .            (no gloves)
SInv    .            (no boots)
Will    .....        G - amulet of guardian spirit
Stlth   +            (no ring)
HPRegen 0.28/turn    (no ring)
MPRegen 0.10/turn

%: guardian spirit
@: heavily drained
A: horns 2, retaliatory headbutt
a: no special abilities


You were on level 5 of the Dungeon.
You visited 1 branch of the dungeon, and saw 5 of its levels.

You collected 143 gold pieces.

Inventory:

Hand Weapons
 a - a +0 heavy dire flail (weapon)
   (You took it off Edmund on level 4 of the Dungeon)
 b - a +2 arbalest of flaming
   (You found it on level 2 of the Dungeon)
 c - a +0 hand axe
 l - a +0 scythe
   (You took it off Sigmund on level 3 of the Dungeon)
Missiles
 h - 4 javelins
 k - a throwing net {!f}
 r - 2 boomerangs
 v - 3 poisoned darts
 Q - 16 stones (quivered)
Armour
 d - an orb of light
 s - a +0 ring mail (worn)
   (You found it on level 3 of the Dungeon)
 w - a +0 cloak (worn)
   (You found it on level 4 of the Dungeon)
Jewellery
 u - an amulet of magic regeneration
   (You found it on level 4 of the Dungeon)
 G - an amulet of guardian spirit (around neck)
   (You found it on level 4 of the Dungeon)
Wands
 f - a wand of flame (19)
   (You found it on level 4 of the Dungeon)
 m - a wand of charming (11)
   (You found it on level 3 of the Dungeon)
 x - a wand of acid (6)
   (You found it on level 4 of the Dungeon)
 D - a wand of digging (8)
   (You found it on level 4 of the Dungeon)
Scrolls
 e - a scroll of amnesia
 g - a scroll of enchant weapon
 i - a scroll of blinking {unknown}
 j - a scroll of vulnerability {!r}
 t - 3 scrolls of teleportation {@r4}
 y - a scroll of enchant armour {unknown}
 z - a scroll of brand weapon
 A - a scroll of silence {unknown}
Potions
 n - 2 potions of lignification {unknown}
 o - a potion of degeneration {unknown}
 p - a potion of might {unknown}
 q - a potion of heal wounds {unknown}


   Skills:
 + Level 5.6 Fighting
 * Level 7.1 Axes
 * Level 4.6 Ranged Weapons
 - Level 3.2 Dodging


You had 6 spell levels left.
You didn't know any spells.
Your spell library contained the following spells:

 Spells                   Type           Power      Damage    Failure   Level
 Cigotuvi's Dreadful Rot  Necr/Alch/Air  0%         N/A       78%         2
 Ozocubu's Armour         Ice            0%         N/A       95%         3
 Dispel Undead            Necr           0%         3d6       100%        4
 Martyr's Knell           Necr/Summ      0%         N/A       100%        4
 Metabolic Englaciation   Hex/Ice        0%         N/A       100%        5
 Death Channel            Necr           0%         N/A       100%        6
 Sculpt Simulacrum        Ice/Alch       0%         N/A       100%        6


Dungeon Overview and Level Annotations

Branches:
Dungeon (5/15) Zot: 26723
 Temple: D:4-7

Altars:

Portals:
Ossuary: D:5


Innate Abilities, Weirdness & Mutations

You have a pair of horns on your head.
You reflexively headbutt those who attack you in melee.


Message History

You shoot a bolt. The bolt hits the quokka!
The bolt burns the quokka.
You kill the quokka!
You see here a quokka corpse.
Found a sand-covered staircase. 2 wights come into view.
You shoot a bolt. The bolt hits the wight.
The bolt burns the wight.
You shoot a bolt. The bolt completely misses the wight.
The bolt barely misses the wight.
The wight hits you from afar with a +5 halberd!
You feel drained.
An iguana comes into view.
The wight misses you.
You shoot a bolt. The bolt closely misses the wight.
The iguana hisses angrily.
The wight misses you. The wight closely misses you. x2
The wight hits you but does no damage.
Your +2 arbalest of flaming stops flaming.
a - a +0 heavy dire flail (weapon)
You puncture the wight!
The wight hits you from afar with a +5 halberd!
The wight hits you with a +1 dagger.
You feel drained. The wight closely misses you. x2
You barely miss the wight. You headbutt the wight.
The wight hits you from afar with a +5 halberd.
The wight misses you. The iguana bites you.
The wight hits you from afar with a +5 halberd!
* * * LOW HITPOINT WARNING * * *
The wight hits you with a +1 dagger.
* * * LOW HITPOINT WARNING * * *
You feel drained.
* * * LOW HITPOINT WARNING * * *
2 wights come into view.
Found a ring mail.
The wight hits you with a +5 halberd.
* * * LOW HITPOINT WARNING * * *
The iguana barely misses you. The wight hits you with a +1 dagger!
* * * LOW MAGIC WARNING * * *
* * * LOW HITPOINT WARNING * * *
You feel drained.
* * * LOW HITPOINT WARNING * * *
Unknown command.
You closely miss the wight. The wight hits you with a +1 dagger.
* * * LOW MAGIC WARNING * * *
* * * LOW HITPOINT WARNING * * *
You feel drained.
* * * LOW HITPOINT WARNING * * *
The wight misses you. You furiously retaliate!
You headbutt the wight. The iguana misses you.
You barely miss the wight. Your headbutt misses the wight.
The wight hits you with a +5 halberd.
You die...

##....>....$[...##
+...........##.###
#.......†....<..##
##...#.....###...#
# #)....#...# #.#..
##.
###...####.$.##.###
##...#.....#
#....... #
#.....l...##
##.##...
.......@z.#
..#..#..
.......∩z.#
#.#.####
..........#
............
.............
.......zz......
...............
............[..


You could see an iguana and 4 wights.

Vanquished Creatures
  Sigmund (D:3)
  Edmund (D:4)
  A phantom (D:4)
  A hound (D:4)
  An iguana (D:4)
  2 adders
  2 dart slugs
  3 ribbon worms (D:3)
  An orc (D:4)
  4 endoplasms
  2 giant cockroaches
  8 goblins
  6 hobgoblins
  4 jackals (D:4)
  6 kobolds
  6 quokkas
  11 ball pythons
  6 bats
  A frilled lizard (D:1)
  10 rats
77 creatures vanquished.

Notes
Turn   | Place    | Note
-------+----------+-------------------------------------------
     0 | D:1      | Pooter the Minotaur Monk began the quest for the Orb.
     0 | D:1      | Reached XP level 1. HP: 19/19 MP: 0/0
    57 | D:1      | Reached skill level 4 in Axes
    93 | D:1      | Reached XP level 2. HP: 27/27 MP: 1/1
   363 | D:1      | Found a faded altar of an unknown god.
   369 | D:1      | Reached XP level 3. HP: 29/33 MP: 2/2
   878 | D:2      | Reached skill level 5 in Axes
   878 | D:2      | Reached skill level 1 in Ranged Weapons
  1152 | D:3      | Reached XP level 4. HP: 40/41 MP: 3/3
  1704 | D:3      | Noticed Sigmund
  1729 | D:3      | Killed Sigmund
  1730 | D:3      | Reached skill level 5 in Fighting
  1730 | D:3      | Reached skill level 6 in Axes
  1730 | D:3      | Reached XP level 5. HP: 43/48 MP: 4/4
  1849 | D:3      | Reached XP level 6. HP: 55/56 MP: 5/5
  2213 | D:3      | You fall into a shaft and drop 1 floor!
  2238 | D:4      | Noticed Edmund
  2247 | D:4      | Killed Edmund
  2635 | D:4      | Reached XP level 7. HP: 61/61 MP: 4/6
  2772 | D:4      | Reached skill level 7 in Axes
  3159 | D:5      | Entered Level 5 of the Dungeon
  3177 | D:5      | Found a sand-covered staircase.
  3193 | D:5      | Slain by a wight

Illustrated notes

Levels and vault maps discovered:
D:1:      saegor_arrival_simple_b, layout_rooms,
          dreamdust_ecumenical_altar_grove
D:2:      layout_loops_ring
D:3:      layout_basic, st_stairs_13, kennysheep_generic_room_16, uniq_sigmund
D:4:      layout_basic, uniq_edmund
D:5:      layout_rooms, nicolae_tso_swordbearing_angel,
          minmay_temple_entry_mini_moons, ebering_ghost_gozag, enter_ossuary_1

Skill      XL: |  1  2  3  4  5  6  7 |
---------------+----------------------+-----
Axes           | 4 5 6 7 |  7.1
Fighting       | 4 5 |  5.6
Ranged Weapons | 1 3 4 |  4.6
Dodging        | |  3.2

Action                     |  1- 3 |  4- 6 |  7- 9 || total
---------------------------+-------+-------+-------++-------
  Melee: Hand axe          |    36 |    10 |       ||    46
         Headbutt          |     9 |     1 |     1 ||    11
         Halberd           |       |     8 |       ||     8
         Dire flail        |       |     1 |     4 ||     5
   Fire: Arbalest          |    22 |    56 |    24 ||   102
    Use: Scroll            |     3 |     3 |       ||     6
         Potion            |       |     1 |       ||     1
 Armour: Robe              |    22 |     1 |       ||    23
         Ring mail         |       |    37 |    14 ||    51
  Dodge: Dodged            |    26 |    37 |    18 ||    81

Table legend: (Time is in decaauts)
 A = Elapsed time spent in this place.
 B = Non-inter-level travel time spent in this place.
 C = Inter-level travel time spent in this place.
 D = Time resting spent in this place.
 E = Time spent auto-exploring this place.
 F = Levels seen in this place.
 G = Mean time per level.
                   A        B        C        D        E       F      G
               +--------+--------+--------+--------+--------+-----+--------+
         Total |   3274 |   3238 |     36 |    602 |   2060 |   5 |  654.8 |
       Dungeon |   3274 |   3238 |     36 |    602 |   2060 |   5 |  654.8 |
               +--------+--------+--------+--------+--------+-----+--------+

Top non-repeatable levels by time:
     D:3: 1093 daAuts
     D:4: 977 daAuts
     D:2: 633 daAuts
     D:1: 528 daAuts
     D:5: 40 daAuts
